 Dungeon Crawl Stone Soup version 0.27-a0-341-g40fdf68bc5 (webtiles) character file.

Game seed: 314333827594572455

61 xvvxxxvvx the Skirmisher (level 3, -3/29 HPs)
             Began as a Demonspawn Abyssal Knight on Feb 14, 2021.
             Was a Believer of Lugonu.
             Slain by a gnoll
             ... wielding a +0 spear
              (5 damage)
             ... on level 2 of the Dungeon.
             The game lasted 00:10:51 (1459 turns).

xvvxxxvvx the Skirmisher (DsAK)                     Turns: 1459, Time: 00:10:51

Health: -3/29      AC: 11    Str: 13    XL:     3   Next: 83%
Magic:  4/5        EV:  6    Int: 13    God:    Lugonu [**....]
Gold:   75         SH:  0    Dex: 12    Spells: 2/2 levels left

rFire    . . .     SeeInvis .     - Unarmed
rCold    . . .     Faith    .   (no shield)
rNeg     . . .     Spirit   .   b - +0 chain mail
rPois    +         Reflect  .   (helmet restricted)
rElec    .         Harm     .   (no cloak)
rCorr    .         Rampage  .   e - +0 pair of gloves
Will     .....                  (no boots)
Stlth    ..........             (no amulet)
HPRegen  0.09/turn              c - ring of poison resistance
MPRegen  0.09/turn              (no ring)

@: no status effects
A: horns 1, yellow scales 1
a: Renounce Religion, Depart the Abyss, Bend Space


You were on level 2 of the Dungeon.
You worshipped Lugonu.
Lugonu was pleased with you.
You visited 1 branch of the dungeon, and saw 2 of its levels.
You visited the Abyss 1 time.

You collected 75 gold pieces.

Inventory:

Armour
 b - a +0 chain mail (worn)
 e - a +0 pair of gloves (worn)
Jewellery
 c - a ring of poison resistance (left hand)
Potions
 a - a potion of flight


   Skills:
 + Level 3.6 Fighting
 + Level 2.2 Armour
 + Level 1.4 Dodging
 + Level 2.3 Unarmed Combat
 + Level 3.1 Invocations


You had 2 spell levels left.
You didn't know any spells.
Your spell library was empty.

Dungeon Overview and Level Annotations

Branches:
Dungeon (2/15)

Altars:
Nemelex Xobeh


Innate Abilities, Weirdness & Mutations

You have a pair of small horns on your head.
You are partially covered in yellow scales. (AC +2)


Message History

The gnoll hits you but does no damage. The gnoll hits you.
You hit the gnoll but do no damage.
The gnoll is heavily wounded.
The gnoll closely misses you. The gnoll hits you but does no damage.
The gnoll hits you. The gnoll barely misses you.
Your chain mail prevents you from hitting the gnoll.
The gnoll hits you but does no damage. x2; The gnoll hits you.
* * * LOW HITPOINT WARNING * * *
Okay, then.
Space bends around you!
You blink.
A bat and 2 worms come into view.
Found a dented jasper amulet.
The bat hits you but does no damage. The goblin hits you but does no damage.
An adder comes into view.
The adder hisses angrily.
The bat hits you.
* * * LOW HITPOINT WARNING * * *
A kobold comes into view. It is wielding a +0 dagger.
Found a stone staircase leading down.
A hobgoblin comes into view.
The kobold shouts!
The hobgoblin shouts!
You hear an angry hiss.
The bat hits you but does no damage. The bat barely misses you.
An adder comes into view.
The bat hits you but does no damage.
The bat barely misses you. x2; The goblin hits you but does no damage. x2
The bat barely misses you. The bat hits you but does no damage.
The goblin hits you but does no damage.
The bat hits you but does no damage. x2; The gnoll barely misses you.
The hobgoblin hits you but does no damage.
The gnoll hits you from afar with a +0 spear.
* * * LOW HITPOINT WARNING * * *
The bat hits you but does no damage.
A hobgoblin comes into view. It is wielding a +0 club.
The hobgoblin closely misses you.
The hobgoblin hits you but does no damage.
The gnoll barely misses you. The bat closely misses you.
The gnoll hits you but does no damage.
The gnoll hits you from afar with a +0 spear.
You die...

######.##....
##(..#.# ### #
#....##.. ...##.# #
###### #.##... #.# #
....#.##.# #
#..#..#.# . #..##.#.#
. #..>....#
###.###.### ####g.@#
#..#####
##...bgg####).......
##...gSbgg##.........
#......Kgg...........
#..........w.........
.......S............<
............wg.......
.....................
.#........##.......


You could see 2 worms, 4 gnolls, 2 adders, 3 hobgoblins, 2 goblins, 2 bats and a
kobold.

Vanquished Creatures
  An adder (D:2)
  2 oozes (D:1)
  2 leopard geckos (D:1)
  A ball python (D:1)
  4 bats
  3 giant cockroaches
  4 hobgoblins (D:1)
  3 jackals (D:1)
  7 kobolds
  4 frilled lizards
  3 goblins (D:1)
  8 rats
42 creatures vanquished.

Notes
Turn   | Place    | Note
-------+----------+-------------------------------------------
     0 | Abyss:1  | xvvxxxvvx the Demonspawn Abyssal Knight began the quest for
                  | the Orb.
     0 | Abyss:1  | Reached XP level 1. HP: 18/18 MP: 2/2
    32 | Abyss:1  | Found a corrupted altar of Lugonu.
    65 | D:1      | Escaped the Abyss
   229 | D:1      | Reached * piety under Lugonu
   238 | D:1      | Gained mutation: You have a pair of small horns on your
                  | head. [demonic ancestry]
   238 | D:1      | Reached XP level 2. HP: 24/24 MP: 3/3
   502 | D:1      | Reached skill level 1 in Dodging
   744 | D:1      | Gained mutation: You are partially covered in yellow
                  | scales. (AC +2) [demonic ancestry]
   744 | D:1      | Reached XP level 3. HP: 28/29 MP: 5/5
  1222 | D:2      | Reached ** piety under Lugonu
  1325 | D:2      | Found a sparkling altar of Nemelex Xobeh.
  1459 | D:2      | Slain by a gnoll

Illustrated notes

Levels and vault maps discovered:
D:1:      onia_arrival_handbag, layout_basic, minmay_pentomino_z2
D:2:      layout_rooms, old_standard_altar

Skill      XL: |  1  2  3 |
---------------+----------+-----
Armour         | 2 |  2.2
Unarmed Combat | 2 |  2.3
Dodging        | 1 |  1.4
Invocations    | 3 |  3.1
Fighting       | |  3.6

Action                   || total
-------------------------++-------
Melee: Unarmed           ||   149
       Punch             ||     3
       Headbutt          ||    23
Invok: Depart the Abyss  ||     1
       Bend Space        ||     1
  Use: Scroll            ||     5
       Potion            ||     1
Armor: Leather armour    ||     6
       Chain mail        ||   122
Dodge: Dodged            ||    66

Table legend: (Time is in decaauts)
 A = Elapsed time spent in this place.
 B = Non-inter-level travel time spent in this place.
 C = Inter-level travel time spent in this place.
 D = Time resting spent in this place.
 E = Time spent auto-exploring this place.
 F = Levels seen in this place.
 G = Mean time per level.
                   A        B        C        D        E       F      G
               +--------+--------+--------+--------+--------+-----+--------+
         Total |   1452 |   1452 |      0 |    113 |    663 |   3 |  484.0 |
       Dungeon |   1387 |   1387 |      0 |    113 |    663 |   2 |  693.5 |
         Abyss |     65 |     65 |      0 |      0 |      0 |   1 |   65.0 |
               +--------+--------+--------+--------+--------+-----+--------+

Top non-repeatable levels by time:
     D:1: 1139 daAuts
     D:2: 248 daAuts
 Abyss:1: 65 daAuts
